 Dungeon Crawl Stone Soup version 0.30-a0-900-g23479c02f2 (webtiles) character file.

Game seed: 9739419792383778779

77 timneilson the Covered (level 4, -1/28 HPs)
             Began as a Gargoyle Fighter on Mar 18, 2023.
             Frozen to death by an endoplasm (5 damage)
             ... on level 3 of the Dungeon.
             The game lasted 00:02:30 (2348 turns).

timneilson the Covered (Gargoyle Fighter)           Turns: 2348, Time: 00:02:31

Health: -1/28      AC: 12    Str: 26    XL:     4   Next: 33%
Magic:  4/4        EV:  9    Int:  8    God:
Gold:   107        SH:  4    Dex: 11    Spells: 3/3 levels left

rFire   . . .      SeeInvis .    a - +0 long sword
rCold   . . .      Faith    .    c - +0 buckler
rNeg    + . .      Spirit   .    b - +0 scale mail
rPois   ∞          Reflect  .    f - +2 hat
rElec   +          Rampage  .    (no cloak)
rCorr   .                        (no gloves)
Will    .....                    (no boots) Stlth
                                 (no amulet)
HPRegen 0.24/turn                h - +6 ring of strength
MPRegen 0.09/turn                (no ring)

@: mighty
A: sickness immunity, AC +3, negative energy resistance 1, electricity
resistance, torment resistance 1, petrification resistance
a: no special abilities


You were on level 3 of the Dungeon.
You visited 1 branch of the dungeon, and saw 3 of its levels.

You collected 107 gold pieces.

Inventory:

Hand Weapons
 a - a +0 long sword (weapon)
Armour
 b - a +0 scale mail (worn)
 c - a +0 buckler (worn)
 f - a +2 hat (worn)
Jewellery
 h - a +6 ring of strength (left hand)
Scrolls
 k - a scroll of immolation {unknown}
 l - a scroll of teleportation {unknown}
Potions
 e - 2 potions of curing
 g - 2 potions of attraction
 i - a potion of magic {unknown}
 j - a potion of brilliance {unknown}


   Skills:
 + Level 3.5 Fighting
 * Level 2.4 Long Blades
 * Level 4.0 Armour
 + Level 0.7 Dodging
 * Level 4.0 Shields


You had 3 spell levels left.
You didn't know any spells.
Your spell library contained the following spells:

 Spells                   Type           Power      Damage    Failure   Level
 Apportation              Tloc           0%         N/A       77%         1
 Beastly Appendage        Tmut           0%         N/A       77%         1
 Necrotise                Necr           0%         1d4       77%         1
 Summon Small Mammal      Summ           0%         N/A       77%         1
 Wereblood                Tmut           0%         N/A       88%         2
 Call Canine Familiar     Summ           0%         N/A       98%         3
 Spider Form              Tmut/Pois      0%         N/A       98%         3
 Summon Guardian Golem    Hex/Summ       0%         N/A       98%         3


Dungeon Overview and Level Annotations

Branches:
Dungeon (3/15)

Altars:
Cheibriados
Fedhas
Trog
The Shining One

Shops:
D:3 (

Annotations:
D:3 Sigmund


Innate Abilities, Weirdness & Mutations

You are immune to sickness and miasma.
Your stone body is resilient. (AC +3)
You are immune to poison.
You resist negative energy. (rN+)
You are resistant to electric shocks. (rElec)
You are resistant to unholy torment.
You are immune to petrification.


Message History

There is a stone staircase leading up here.
Found a leather armour.
There is a stone staircase leading down here.
You see here a +0 giant spiked club.
You see here a +0 sling.
Found a hand axe.
You see here a +0 hand axe.
There is a stone staircase leading up here.
Sigmund the Dreaded comes into view.
He is wielding a +3 scythe of venom.
You feel very mighty all of a sudden.
An endoplasm comes into view.
The endoplasm quivers.
Sigmund points at you and mumbles some strange words.
You are confused.
You bump into the rock wall.
Sigmund casts a spell at you. You resist with some effort.
You barely miss the endoplasm.
Sigmund hits you from afar with a +3 scythe of venom!
The endoplasm hits you but does no damage.
The endoplasm freezes you.
You are frozen.
Sigmund gestures wildly while chanting.
Sigmund flickers and vanishes!
Deactivating autopickup; reactivate with Ctrl-A.
You're too confused to move!
You feel less confused. The endoplasm freezes you.
You are frozen.
You hear some strange, mumbled words.
A magic dart appears from out of thin air!
The magic dart hits you.
* * * LOW HITPOINT WARNING * * *
You barely miss something. The endoplasm hits you.
* * * LOW HITPOINT WARNING * * *
Something hits you.
* * * LOW HITPOINT WARNING * * *
The endoplasm freezes you.
You are frozen.
You die...

#.# #.###.####...........#
#.# #.# #..........#####.#
#.###.###..###..##.# ##.#
#...............##.####...
#########..#######........
#..# ######... #..# ##.#
#..# #.# #@J# #.# #.{# #.#
#...# #.# #..... #.#
#.....# #.# #.....# #..
##...## ### ##.## #


You could see an endoplasm.

Vanquished Creatures
  3 adders
  2 dart slugs
  3 ball pythons
  2 endoplasms
  3 giant cockroaches
  4 goblins
  7 hobgoblins
  3 quokkas
  9 bats
  7 frilled lizards
  A kobold (D:2)
  A rat (D:1)
45 creatures vanquished.

Vanquished Creatures (others)
  2 plants (D:1)
2 creatures vanquished.

Grand Total: 47 creatures vanquished

Notes
Turn   | Place    | Note
-------+----------+-------------------------------------------
     0 | D:1      | timneilson the Gargoyle Fighter began the quest for the
                  | Orb.
     0 | D:1      | Reached XP level 1. HP: 14/14 MP: 1/1
   209 | D:1      | Reached XP level 2. HP: 19/19 MP: 2/2
   879 | D:2      | Reached XP level 3. HP: 23/23 MP: 3/3
  1785 | D:3      | Reached XP level 4. HP: 28/28 MP: 4/4
  1835 | D:3      | Found a snail-covered altar of Cheibriados.
  1838 | D:3      | Found a bloodstained altar of Trog.
  1850 | D:3      | Found a blossoming altar of Fedhas.
  1853 | D:3      | Found a glowing golden altar of the Shining One.
  2169 | D:3      | Found Anlikis's Antique Weapon Boutique.
  2339 | D:3      | Noticed Sigmund
  2348 | D:3      | Frozen to death by an endoplasm

Illustrated notes

Levels and vault maps discovered:
D:1:      eino_arrival_water_cross, layout_loops_corners
D:2:      layout_basic, nrook_mini_vaults, kennysheep_generic_room_9
D:3:      layout_loops_ring, grunt_temple_overflow_cloverleaf, serial_shops,
          nicolae_shop_crystal, uniq_sigmund

Skill      XL: |  1  2  3  4 |
---------------+-------------+-----
Long Blades    | 2 |  2.4
Armour         | 4 |  4.0
Shields        | 4 |  4.0
Fighting       | |  3.5
Dodging        | |  0.7

Action                     |  1- 3 |  4- 6 || total
---------------------------+-------+-------++-------
  Melee: Long sword        |   135 |    49 ||   184
    Use: Scroll            |     2 |       ||     2
         Potion            |       |     1 ||     1
 Armour: Scale mail        |    85 |    28 ||   113
  Dodge: Dodged            |    74 |    20 ||    94
  Block: Buckler           |    35 |    12 ||    47

Table legend: (Time is in decaauts)
 A = Elapsed time spent in this place.
 B = Non-inter-level travel time spent in this place.
 C = Inter-level travel time spent in this place.
 D = Time resting spent in this place.
 E = Time spent auto-exploring this place.
 F = Levels seen in this place.
 G = Mean time per level.
                   A        B        C        D        E       F      G
               +--------+--------+--------+--------+--------+-----+--------+
         Total |   2406 |   2357 |     49 |      0 |   1911 |   3 |  802.0 |
       Dungeon |   2406 |   2357 |     49 |      0 |   1911 |   3 |  802.0 |
               +--------+--------+--------+--------+--------+-----+--------+

Top non-repeatable levels by time:
     D:2: 947 daAuts
     D:1: 813 daAuts
     D:3: 645 daAuts
